 Dungeon Crawl Stone Soup version 0.30-a0-852-g08b95dd62f (webtiles) character file.

Game seed: 11921135058483324799

549735 demibob the Slayer (level 25, -4/247 HPs)
             Began as a Demonspawn Wanderer on Mar 5, 2023.
             Was the Champion of Nemelex Xobeh.
             Slain by an acid blob (15 damage)
             ... on level 5 of the Pits of Slime.
             The game lasted 02:09:03 (56390 turns).

demibob the Slayer (Demonspawn Wanderer)           Turns: 56390, Time: 02:09:04

Health: -4/247     AC: 31    Str: 22    XL:     25   Next: 1%
Magic:  28/37      EV: 22    Int: 15    God:    Nemelex Xobeh [******]
Gold:   7902       SH:  0    Dex: 20    Spells: 24/24 levels left

rFire   + + +      SeeInvis +    a - +8 triple sword (freeze)
rCold   + . .      Faith    .    (shield currently unavailable)
rNeg    . . .      Spirit   .    G - +9 scale mail of Saqirop {rPois rF+++ Int-2 Dex-4}
rPois   +          Reflect  .    B - +1 helmet "Wusholup" {Harm rC+}
rElec   .          Rampage  .    R - +2 cloak {Will+}
rCorr   +          Harm     + .  k - +1 pair of gloves "Qulaf" {Will+ Str+3 Dex+5}
Will    ++++.                    (boots unavailable) Stlth
                                 j - amulet of the acrobat
HPRegen 2.61/turn                P - ring of Tuicziobb {EV+5 Dex+4 Slay+2 SInv}
MPRegen 0.25/turn                W - ring of willpower

@: engulfed (cannot breathe), corroded, studying Axes
A: hooves 3, yellow scales 3, ignite blood 3, powered by death 3, corrupting
presence 2, word of chaos, clever 1, robust 1, weak 1
}: 3/15 runes: decaying, serpentine, silver
a: Word of Chaos, Renounce Religion, Draw Escape, Draw Destruction, Draw
Summoning, Triple Draw, Deal Four, Stack Five


You were on level 5 of the Pits of Slime.
You worshipped Nemelex Xobeh.
Nemelex Xobeh was exalted by your worship.
You visited 11 branches of the dungeon, and saw 49 of its levels.
You visited the Abyss 2 times.
You visited 2 bazaars.
You also visited: Ice Cave and Desolation.

You collected 11109 gold pieces.
You spent 3207 gold pieces at shops.


Innate Abilities, Weirdness & Mutations

You have hooves in place of feet.
You are completely covered in yellow scales. (AC +4, rCorr)
Your demonic aura causes all spilled blood to erupt in flames.
You regenerate a lot of health from kills.
Your presence sometimes corrodes or deforms those you injure.
You can speak a Word of Chaos.
Your mind is acute. (Int +4, Str/Dex -1)
You are robust. (+10% HP)
You are weak. (Str -2)


   Skills:
 + Level 24.4 Fighting
 - Level 22.0 Long Blades
 - Level 5.0 Maces & Flails
 + Level 22.0 Armour
 - Level 11.0 Dodging
 - Level 1.0 Unarmed Combat
 - Level 21.8 Invocations
 - Level 2.0 Evocations


You had 24 spell levels left.
You didn't know any spells.
Your spell library contained the following spells:

 Spells                   Type           Power      Damage    Failure   Level
 Apportation              Tloc           0%         N/A       41%         1
 Foxfire                  Conj/Fire      0%         2x1d4     41%         1
 Kiss of Death            Conj/Necr      0%         2d5       41%         1
 Magic Dart               Conj           0%         1d3       41%         1
 Sandblast                Erth           0%         2d4       41%         1
 Shock                    Conj/Air       0%         1d3       41%         1
 Slow                     Hex            0%         N/A       41%         1
 Blink                    Tloc           0%         N/A       56%         2
 Cigotuvi's Dreadful Rot  Necr/Pois/Air  0%         N/A       56%         2
 Ensorcelled Hibernation  Hex/Ice        0%         N/A       56%         2
 Passwall                 Tmut/Erth      0%         N/A       56%         2
 Searing Ray              Conj           0%         2d4       56%         2
 Sublimation of Blood     Necr           0%         N/A       56%         2
 Call Canine Familiar     Summ           0%         N/A       80%         3
 Confusing Touch          Hex            0%         N/A       80%         3
 Dazzling Flash           Conj/Hex       0%         N/A       80%         3
 Frozen Ramparts          Ice            0%         1d1       80%         3
 Gell's Gravitas          Tloc           0%         N/A       80%         3
 Hailstorm                Conj/Ice       0%         3d3       80%         3
 Ignite Poison            Fire/Tmut/Pois 0%         N/A       80%         3
 Inner Flame              Hex/Fire       0%         N/A       80%         3
 Kindle Blastsparks       Fire/Tloc/Air  0%         2d10      80%         3
 Mephitic Cloud           Conj/Pois/Air  0%         N/A       80%         3
 Ozocubu's Armour         Ice            0%         N/A       80%         3
 Portal Projectile        Hex/Tloc       0%         N/A       80%         3
 Spider Form              Tmut/Pois      0%         N/A       80%         3
 Stone Arrow              Conj/Erth      0%         3d7       80%         3
 Swiftness                Air            0%         N/A       80%         3
 Teleport Other           Tloc           0%         N/A       80%         3
 Tukima's Dance           Hex            0%         N/A       80%         3
 Vhi's Electric Charge    Tloc/Air       0%         N/A       80%         3
 Airstrike                Air            0%         2d(0-16)  99%         4
 Animate Armour           Summ/Erth      0%         N/A       99%         4
 Cause Fear               Hex            0%         N/A       99%         4
 Dispel Undead            Necr           0%         3d6       99%         4
 Fulminant Prism          Conj/Hex       0%         3d5       99%         4
 Ice Form                 Ice/Tmut       0%         N/A       99%         4
 Leda's Liquefaction      Hex/Erth       0%         N/A       99%         4
 Manifold Assault         Tloc           0%         N/A       99%         4
 Olgreb's Toxic Radiance  Pois           0%         N/A       99%         4
 Passage of Golubria      Tloc           0%         N/A       99%         4
 Petrify                  Tmut/Erth      0%         N/A       99%         4
 Summon Ice Beast         Ice/Summ       0%         N/A       99%         4
 Summon Lightning Spire   Summ/Air       0%         N/A       99%         4
 Alistair's Intoxication  Tmut/Pois      0%         N/A       100%        5
 Arcjolt                  Conj/Air       0%         1d10      100%        5
 Blade Hands              Tmut           0%         N/A       100%        5
 Fireball                 Conj/Fire      0%         3d3       100%        5
 Freezing Cloud           Conj/Ice/Air   0%         6-21      100%        5
 Irradiate                Conj/Tmut      0%         3d11      100%        5
 Iskenderun's Battlesphe  Conj           0%         2d6       100%        5
 Lightning Bolt           Conj/Air       0%         1d11      100%        5
 Metabolic Englaciation   Hex/Ice        0%         N/A       100%        5
 Summon Forest            Summ/Tloc      0%         N/A       100%        5
 Summon Mana Viper        Hex/Summ       0%         N/A       100%        5
 Yara's Violent Unravell  Hex/Tmut       0%         3d3       100%        5
 Death Channel            Necr           0%         N/A       100%        6
 Dispersal                Tloc           0%         N/A       100%        6
 Eringya's Noxious Bog    Tmut/Pois      0%         N/A       100%        6
 Iron Shot                Conj/Erth      0%         9d1       100%        6
 Simulacrum               Ice/Necr       0%         N/A       100%        6
 Starburst                Conj/Fire      0%         6d3       100%        6
 Summon Cactus Giant      Summ           0%         N/A       100%        6
 Dragon Form              Tmut           0%         N/A       100%        7
 Enfeeble                 Hex            0%         N/A       100%        7
 Monstrous Menagerie      Summ           0%         N/A       100%        7
 Ozocubu's Refrigeration  Ice            0%         4d7       100%        7
 Spellforged Servitor     Conj/Summ      0%         N/A       100%        7
 Storm Form               Tmut/Air       0%         N/A       100%        7
 Discord                  Hex            0%         N/A       100%        8
 Disjunction              Tloc           0%         N/A       100%        8
 Ignition                 Fire           0%         3d3       100%        8
 Maxwell's Capacitive Co  Air            0%         ∞         100%        8
 Necromutation            Tmut/Necr      0%         N/A       100%        8
 Chain Lightning          Conj/Air       0%         N/A       100%        9
 Dragon's Call            Summ           0%         N/A       100%        9
 Fire Storm               Conj/Fire      0%         5d1       100%        9
 Shatter                  Erth           0%         3d5*      100%        9

Inventory:

Hand Weapons
 a - a +8 triple sword of freezing (weapon)
 g - the +11 long sword of the Orcish Mines {protect, Dex+5}
   (You found it on level 3 of the Dungeon)

   Dex:       It affects your dexterity (+5).
Missiles
 H - 19 atropa-tipped darts (quivered)
Armour
 k - the +1 pair of gloves "Qulaf" (worn) {Will+ Str+3 Dex+5}
   (You found it on level 3 of the Depths)

   Str:       It affects your strength (+3).
   Dex:       It affects your dexterity (+5).
   Will:      It increases your willpower.
 B - the +1 helmet "Wusholup" (worn) {Harm rC+}
   (You acquired it on level 2 of the Swamp)

   rC:        It protects you from cold.
   Harm:      It increases damage dealt and taken.
 G - the +9 scale mail of Saqirop (worn) {rPois rF+++ Int-2 Dex-4}
   (You found it on level 2 of the Orcish Mines)

   Int:       It affects your intelligence (-2).
   Dex:       It affects your dexterity (-4).
   rF:        It renders you almost immune to fire.
   rPois:     It protects you from poison.
 R - a +2 cloak of willpower (worn)
Jewellery
 f - a ring of protection from fire
 j - an amulet of the acrobat (around neck)
 u - the necklace of Bloodlust {Fury *Rage Will++ Int-3 Slay+6}
   (You took it off a vault warden on level 5 of the Vaults)

   [amulet of nothing]

   Fury:      It extends the wearer's berserk rage when killing foes.
   Int:       It affects your intelligence (-3).
   Slay:      It affects your accuracy & damage with ranged weapons and melee
   (+6).
   *Rage:     It berserks you when you make melee attacks (+50% chance).
   Will:      It greatly increases your willpower.
 w - a ring of willpower
 C - a ring of ice
 E - a +5 ring of evasion
 F - a ring of protection from fire
 I - the dreamshard necklace {*Dream Drain}
   (You took it off a deep elf high priest on level 5 of the Vaults)

   [amulet of nothing]

   *Dream:    It shatters if its wearer takes lethal or near-lethal damage,
   preventing the blow and releasing protective dreams that heal and fight for
   the wearer.
   Drain:     It drains your maximum health when unequipped.
 L - a ring of flight
 N - a ring of positive energy
 O - a ring of fire
 P - the ring of Tuicziobb (left hand) {EV+5 Dex+4 Slay+2 SInv}
   (You bought it in a shop on level 6 of the Dungeon)

   [ring of evasion]

   EV:        It affects your evasion (+5).
   Dex:       It affects your dexterity (+4).
   Slay:      It affects your accuracy & damage with ranged weapons and melee
   (+2).
   SInv:      It lets you see invisible.
 W - a ring of willpower (right hand)
 X - the ring "Ruuwiteo" {rElec rC+ Str-2 Int+3}
   (You acquired it in a bazaar)

   [ring of protection from cold]

   Str:       It affects your strength (-2).
   Int:       It affects your intelligence (+3).
   rC:        It protects you from cold.
   rElec:     It insulates you from electricity.
Wands
 o - a wand of quicksilver (18)
 q - a wand of paralysis (22)
 r - a wand of polymorph (6)
 x - a wand of mindburst (11)
 z - a wand of roots (42)
 A - a wand of flame (42)
 V - a wand of digging (16)
Scrolls
 c - 12 scrolls of enchant armour
 d - 4 scrolls of fog
 n - 22 scrolls of identify {@r1}
 v - 4 scrolls of poison
 y - 16 scrolls of teleportation {@r2}
 D - 5 scrolls of fear
 U - 5 scrolls of magic mapping
 Z - 2 scrolls of blinking
Potions
 b - 6 potions of curing {@q1}
 e - a potion of might
 h - 2 potions of mutation
 i - 5 potions of cancellation
 l - 6 potions of invisibility
 m - 3 potions of ambrosia
 p - 7 potions of flight
 t - 4 potions of haste {@q3}
 J - a potion of heal wounds {@q2}
 K - 2 potions of berserk rage {!q}
 S - 4 potions of resistance
Miscellaneous
 s - a phantom mirror
 Q - a phial of floods
 T - a lightning rod (4/4)
 Y - a condenser vane (inert)

Dungeon Overview and Level Annotations

Branches:
Dungeon (15/15)            Temple (0/1) D:7            Lair (5/5) D:8
  Swamp (4/4) Lair:2        Snake (4/4) Lair:3        Slime (5/5) Lair:4
    Orc (2/2) D:11            Elf (3/3) Orc:2        Vaults (5/5) D:13
  Crypt (1/3) Vaults:3     Depths (4/4) D:15            Zot (1/5) Depths:4
  IceCv (visited)         Desolation (visited)

Altars:
Fedhas
Gozag
Nemelex Xobeh
Sif Muna
Trog
Uskayaw
Vehumet
Xom
Jiyva

Shops:
D:6 =   D:7 (   D:11 (   D:15 *   Orc:2 *(![   Elf:1 =   Elf:3 (   Snake:1 [
Vaults:2 [

Portals:
Hell: Depths:1 Depths:2 Depths:3 Depths:4
Abyss: Depths:1 Depths:3
Pandemonium: Depths:1 Depths:2
Ziggurat: Depths:3
Trove: D:13 (lose all piety)

Annotations:
Lair:3 3 runed translucent doors, Fiji Kou's ghost, journeyman FeSu
Elf:2 3 runed translucent doors

▒=?▒}▒▒.▒:▒)(▒ ▒.......
▒▒..........▒▒▒▒.......
.▒............▒.........
................▒.......
▒▒..........▒▒▒▒.......
▒▒(?.}§§§.=.[?▒ ▒....... ......
▒:!)).☼§§§§$)[(▒▒.......
.......▒▒$|φ:)J§J☼§)?)$▒▒.......
.........▒▒$[)▒▒@J▒▒("?▒▒........
..........▒▒?$ ▒▒J▒[?/▒▒ .......
...........▒▒ ▒.G▒ ?▒▒
............▒▒▒▒.▒▒▒▒▒...
.........................
.....................G...
................J........
.........................
......J..................


You could see an acid blob, 2 rockslimes, an eye of devastation and a
quicksilver ooze.


Message History

The quicksilver ooze closely misses you.
The rockslime misses you. The acid blob hits you!
* * * LOW HITPOINT WARNING * * *
You are splashed with acid.
You resist.
* * * LOW HITPOINT WARNING * * *
The rockslime hits you but does no damage.
You slice the rockslime like a ripe choko!!!
You freeze the rockslime!!
You kill the rockslime!
That felt strangely unrewarding.
The quicksilver ooze hits you. The quicksilver ooze engulfs you!
The quicksilver ooze barely misses you.
A rockslime comes into view.
The acid blob spits acid at you. The splash of acid hits you! You resist.
* * * LOW HITPOINT WARNING * * *
The rockslime hits you!
* * * LOW HITPOINT WARNING * * *
You hold your ground!
The quicksilver ooze hits you!
* * * LOW HITPOINT WARNING * * *
The quicksilver ooze closely misses you.
You cannot read scrolls while unable to breathe!
You feel much better.
* * * LOW HITPOINT WARNING * * *
Your lungs strain for air!
The rockslime is engulfed in blazing flames.
The rockslime hits you!!
* * * LOW HITPOINT WARNING * * *
You hold your ground!
The acid blob hits you!
You die...
Your body glows slightly and disappears.

Skill      XL: |  1  2  3  4  5  6  7  8  9 10 11 12 13 14 15 16 17 18 19 20 21 22 23 24 |
---------------+-------------------------------------------------------------------------+-----
Maces & Flails | 2 3 4 5 |  5.0
Long Blades    | 2 4 6 8 9 10 12 14 16 19 21 22 | 22.0
Invocations    | 3 7 10 11 13 15 17 19 21 | 21.8
Fighting       | 4 6 8 10 12 13 14 15 17 19 20 22 24 | 24.4
Armour         | 5 8 10 11 13 14 16 18 20 22 | 22.0
Dodging        | 3 8 11 | 11.0
Unarmed Combat | |  1.0
Evocations     | |  2.0

Action                     |  1- 3 |  4- 6 |  7- 9 | 10-12 | 13-15 | 16-18 | 19-21 | 22-24 | 25-27 || total
---------------------------+-------+-------+-------+-------+-------+-------+-------+-------+-------++-------
  Melee: Flail             |    77 |    31 |       |       |       |       |       |       |       ||   108
         Kick              |     5 |    12 |    53 |   177 |   380 |   657 |   729 |   823 |     1 ||  2837
         Punch             |     1 |       |     4 |     9 |    23 |    38 |    19 |       |       ||    94
         Long sword        |       |    49 |   183 |   433 |   963 |  1340 |   975 |       |       ||  3943
         Triple sword      |       |       |       |       |       |       |   498 |  1675 |     6 ||  2179
 Invoke: Draw Destruction  |       |       |     1 |    18 |    13 |    27 |    20 |     4 |       ||    83
         Draw Summoning    |       |       |     1 |     1 |     6 |     3 |     8 |     1 |       ||    20
         Triple Draw       |       |       |       |     3 |     5 |     1 |     6 |       |       ||    15
         Deal Four         |       |       |       |       |     2 |       |     4 |     6 |       ||    12
  Evoke: Wand              |       |       |       |       |    15 |     2 |     1 |     3 |       ||    21
         Lightning rod     |       |       |       |       |     4 |     4 |     2 |       |       ||    10
         Phantom mirror    |       |       |       |       |     1 |       |     1 |       |       ||     2
         Condenser vane    |       |       |       |       |       |     4 |     8 |     4 |     1 ||    17
    Use: Scroll            |     5 |     1 |    11 |     2 |     8 |    10 |    18 |    18 |       ||    73
         Potion            |       |       |     1 |     6 |     6 |     9 |    23 |    10 |     2 ||    57
   Stab: Sleeping          |       |     5 |     5 |       |       |       |       |       |       ||    10
         Distracted        |       |       |       |     1 |     1 |     1 |     3 |     1 |       ||     7
         Petrified         |       |       |       |       |     1 |       |       |       |       ||     1
         Confused          |       |       |       |       |       |     3 |     5 |       |       ||     8
 Armour: Leather armour    |    25 |    35 |    84 |    79 |       |       |       |       |       ||   223
         Ring mail         |       |       |       |    79 |   223 |       |       |       |       ||   302
         Plate armour      |       |       |       |       |    64 |       |       |       |       ||    64
         Scale mail        |       |       |       |       |   136 |   381 |   655 |   761 |    17 ||  1950
  Dodge: Dodged            |    61 |    43 |   114 |   187 |   741 |  1598 |  1410 |  1537 |    25 ||  5716

Levels and vault maps discovered:
D:1:      amcnicky_arrival_underground_garden, layout_basic
D:2:      layout_loops_corners, grunt_ministairs_6, uniq_terence
D:3:      layout_basic
D:4:      layout_layer_cave
D:5:      layout_cave_pods, nemelex_spade_bored_becter, minitemple,
          uniq_prince_ribbit1
D:6:      layout_rooms, grunt_gozag_breadcrumbs, serial_shops, shop,
          uniq_duvessa
D:7:      layout_basic, lemuel_temple_firewalk_b, serial_shops, shop
D:8:      layout_basic, lair_entry_dummy
D:9:      layout_loops_ring, uniq_pikel
D:10:     layout_basic, zin_academy, lemuel_coloured_pillars_altar, worms_lemuel
D:11:     layout_roguey, kennysheep_orc_monster_closet_entryway, serial_shops,
          shop
D:12:     layout_basic, uniq_snorg, uniq_fannar
D:13:     minmay_elf_outpost, layout_loops_cross, david_vaults_5, enter_trove_6,
          gammafunk_ghost_necromancy
D:14:     layout_basic, nrook_mini_vaults
D:15:     grunt_enter_depths_hoard, layout_rooms, nrook_campfire,
          nicolae_shop_fire_sale [nicolae_sub_dead_trees]
Lair:1:   layout_cellular_growth, lemuel_centaur_altar, uniq_harold
Lair:2:   layout_gridlike, swamp_mist, chequers_serial_rivers_micro_b
Lair:3:   layout_roguey, minmay_snake_entry_six_corridors, gammafunk_ghost_icy
Lair:4:   layout_gridlike, slime_entry_2, serial_bayou_shore_a
Lair:5:   minmay_lair_end_enchanted_forest, layout_gridlike,
          serial_bayou_pond_a, infiniplex_staircase_pool
Swamp:1:  nicolae_swamp_flooded_prison, layout_falls_marsh,
          nicolae_swamp_round_clearing, wheals_swamp_sinkhole, uniq_josephine
Swamp:2:  nicolae_swamp_husk_halls, layout_basic_swamp, serial_swamp_ruin,
          evilmike_swamp_ruin_rubble_2, evilmike_swamp_ruin_rubble_1,
          evilmike_swamp_ruin_house_5
Swamp:3:  layout_falls_marsh, evilmike_swamp_ruin_house_4
Swamp:4:  swamp_pestilence, layout_basic_swamp
Snake:1:  layout_layer_cave, minmay_shop_star
Snake:2:  layout_layer_cave, serial_bayou_shore_b
Snake:3:  layout_misc_corridors
Snake:4:  grunt_snake_rune_spirals, layout_onion_interference, lemuel_fruit_tree
Slime:1:  layout_caves
Slime:2:  layout_caves
Slime:3:  layout_caves, dissolution_awaits
Slime:4:  layout_caves, nicolae_slime_rock_hall_of_fame
Slime:5
Orc:1:    layout_caves, portal_ice_cave_entry_pillars_2
Orc:2:    st_orc_elflike, layout_caves, minmay_orc_treasury
Elf:1:    minmay_elf_arrival_circle, layout_rooms, serial_shops, shop,
          hangedman_elven_crosses_minicolossus
Elf:2:    nicolae_elf_blades_crystal_corner, layout_rooms, basic_altar,
          serial_shops, bzr_entry_road, chequers_big_river,
          evilmike_spriggan_trog_shrine
Elf:3:    minmay_elf_hall, layout_geoelf_castle, serial_shops, shop, uniq_louise
Vaults:1: portal_desolation_entry_twin_temple, ontoclasm_vaults_ring_small,
          ontoclasm_vaults_ligature, ontoclasm_vaults_gateway, st_diamondy,
          nicolae_vaults_asterisk, vaults_dpeg_hooks, v_misc_5,
          vaults_dpeg_encased_lava, v_misc_23, layout_vaults_chaotic_city,
          uniq_saint_roka
Vaults:2: serial_ice_m, nicolae_vaults_c_with_doors, nicolae_vaults_gold_heap,
          nicolae_vaults_specimen_jars, nicolae_vaults_mini_display_case,
          hangedman_vaults_cutoff, ontoclasm_vaults_misaligned,
          nicolae_vaults_network_quincunx
          [nicolae_vaults_network_quincunx_subvault,
          nicolae_vaults_network_quincunx_subvault,
          nicolae_vaults_network_quincunx_subvault,
          nicolae_vaults_network_quincunx_subvault,
          nicolae_vaults_network_quincunx_subvault], ontoclasm_vaults_eye,
          v_pattern_1, nicolae_vaults_yaktaur_gun_rack, layout_vaults_omnibox,
          serial_shops, nicolae_shop_hallway_plus
Vaults:3: ontoclasm_vaults_claustrophobia, hangedman_vaults_nails,
          vaults_mumra_minichess_inversion, ontoclasm_vaults_ring_large,
          minmay_crypt_entry_simple_sparse, v_misc_30, v_alt_pattern_5,
          nicolae_vaults_sealed_display, layout_vaults_omnigrid
Vaults:4: ontoclasm_vaults_spin, nicolae_vaults_network_square, v_misc_12,
          hangedman_vaults_slither, v_misc_24, grunt_vaults_funnel,
          hangedman_vaults_nodes, ontoclasm_vaults_hangar,
          nicolae_vaults_ring_of_whatevers, nicolae_vaults_little_squares_2,
          ontoclasm_vaults_loading_screen, ontoclasm_vaults_shuriken,
          vaults_room_door_ring, layout_vaults_maze, uniq_jory
Vaults:5: uniq_bai_suzhen
Crypt:1:  layout_chaotic_city, grunt_megastairs_5, uniq_margery
Depths:1: hangedman_elemental_death_ray, layout_cross,
          nicolae_uskayaw_en_pointe, rand_demon_pan_entry_8, abyss_entry,
          hell_entry, minmay_hedge_maze, minivault_12
Depths:2: nicolae_legendary_halls, layout_cave_shapes, serial_shops,
          freezing_bzr, minmay_misc_feat_tiny, lightli_too_deep, pan_entry,
          water_boxes_lemuel
Depths:3: minmay_the_grid_octo_tiled_squarecenter_mashed
          [minmay_the_grid_octo_clover_2, minmay_the_grid_octo_thin_diamonds,
          minmay_the_grid_octo_tetromino_candy, minmay_the_grid_octo_concentric,
          minmay_the_grid_square_5x5_megaprize_checkered,
          minmay_the_grid_square_5x5_two_walls_b,
          minmay_the_grid_square_5x5_beaten_path,
          minmay_the_grid_square_5x5_one_wall,
          minmay_the_grid_square_5x5_fancy_junction], layout_long_grid,
          enter_ziggurat_f, hell_entry, minmay_misc_feat_roman,
          abyss_entry_crystal, infiniplex_staircase_pool_2
Depths:4: grunt_zot_entry_funnels, layout_long_grid, pf_coc_iceberg,
          serial_sigils, serial_sigils_hangedman_leer,
          serial_sigils_hangedman_scratch, serial_sigils_hangedman_confine,
          serial_sigils_hangedman_gut, ebering_dispersal_statue_hall,
          uniq_xtahua
Zot:1:    kennysheep_room_grid, layout_gridville

Notes
Turn   | Place    | Note
-------+----------+-------------------------------------------
     0 | D:1      | demibob the Demonspawn Wanderer began the quest for the
                  | Orb.
     0 | D:1      | demibob set off with the following items: a +1 flail, a
                  | potion of curing {@q1}, a potion of lignification, a +0
                  | leather armour.
     0 | D:1      | Reached XP level 1. HP: 18/18 MP: 1/1
   160 | D:1      | Reached skill level 2 in Maces & Flails
   290 | D:1      | Gained mutation: You have large cloven feet. [demonic
                  | ancestry]
   290 | D:1      | Reached XP level 2. HP: 11/24 MP: 2/2
   811 | D:2      | Reached skill level 3 in Maces & Flails
   859 | D:2      | Gained mutation: You have hoof-like feet. [demonic
                  | ancestry]
   859 | D:2      | Reached XP level 3. HP: 19/29 MP: 3/3
  1418 | D:2      | Noticed Terence
  1433 | D:2      | Killed Terence
  1434 | D:2      | Reached skill level 4 in Maces & Flails
  1434 | D:2      | Reached XP level 4. HP: 35/35 MP: 4/4
  1677 | D:3      | Noticed a phantom
  1693 | D:3      | Killed a phantom
  1694 | D:3      | Gained mutation: You are partially covered in yellow
                  | scales. (AC +2) [demonic ancestry]
  1694 | D:3      | Reached XP level 5. HP: 22/41 MP: 5/5
  1853 | D:3      | Reached skill level 5 in Maces & Flails
  1936 | D:3      | Identified the +11 long sword of the Orcish Mines {protect,
                  | Dex+5}
  2229 | D:3      | Reached skill level 1 in Long Blades
  2589 | D:4      | Reached skill level 2 in Long Blades
  2654 | D:4      | Gained mutation: You regenerate a little health from kills.
                  | [demonic ancestry]
  2654 | D:4      | Reached XP level 6. HP: 47/47 MP: 6/6
  2667 | D:4      | Reached skill level 3 in Long Blades
  3021 | D:4      | Reached skill level 4 in Long Blades
  3468 | D:4      | Gained mutation: Your demonic aura sometimes causes spilled
                  | blood to erupt in flames. [demonic ancestry]
  3468 | D:4      | Reached XP level 7. HP: 49/52 MP: 7/7
  3620 | D:5      | Entered Level 5 of the Dungeon
  3717 | D:5      | Reached skill level 5 in Long Blades
  3783 | D:5      | Reached skill level 6 in Long Blades
  3982 | D:5      | Found a sparkling altar of Nemelex Xobeh.
  4089 | D:5      | Reached XP level 8. HP: 43/58 MP: 8/8
  4186 | D:5      | Found a hide-covered altar of Uskayaw.
  4187 | D:5      | Found a bloodstained altar of Trog.
  4189 | D:5      | Found a shimmering altar of Xom.
  4363 | D:5      | Noticed Prince Ribbit
  4375 | D:5      | Reached skill level 7 in Long Blades
  4386 | D:5      | Killed Prince Ribbit
  4551 | D:5      | Became a worshipper of Nemelex Xobeh the Trickster
  4582 | D:6      | Reached skill level 8 in Long Blades
  4583 | D:6      | Found Irchuwk's Jewellery Shoppe.
  4789 | D:6      | Reached skill level 1 in Invocations
  4815 | D:6      | Reached skill level 2 in Invocations
  4999 | D:6      | Noticed Dowan
  5000 | D:6      | Noticed Duvessa
  5004 | D:6      | Killed Dowan
  5007 | D:6      | Killed Duvessa
  5008 | D:6      | Reached skill level 4 in Fighting
  5008 | D:6      | Reached skill level 3 in Invocations
  5074 | D:6      | Found an opulent altar of Gozag.
  5360 | D:7      | Gained mutation: You have hooves in place of feet. [demonic
                  | ancestry]
  5360 | D:7      | Reached XP level 9. HP: 27/65 MP: 11/11
  5650 | D:7      | Reached skill level 4 in Invocations
  5836 | D:7      | Reached * piety under Nemelex Xobeh
  5852 | D:7      | Reached skill level 9 in Long Blades
  5854 | D:7      | Reached skill level 5 in Fighting
  5854 | D:7      | Reached skill level 5 in Invocations
  5948 | D:7      | Found Samavvil's Weapon Emporium.
  6106 | D:7      | Reached skill level 6 in Invocations
  6153 | D:7      | Found a staircase to the Ecumenical Temple.
  6466 | D:8      | Received a gift from Nemelex Xobeh
  6494 | D:8      | Noticed a gargoyle
  6498 | D:8      | Killed a gargoyle
  6499 | D:8      | Reached skill level 6 in Fighting
  6635 | D:8      | Reached skill level 7 in Invocations
  6950 | D:8      | Gained mutation: You are mostly covered in yellow scales.
                  | (AC +3) [demonic ancestry]
  6950 | D:8      | Reached XP level 10. HP: 72/77 MP: 15/15
  7040 | D:8      | Received a gift from Nemelex Xobeh
  7067 | D:8      | Reached skill level 10 in Long Blades
  7365 | D:8      | Found a staircase to the Lair.
  7524 | D:9      | Reached skill level 8 in Invocations
  7528 | D:9      | Reached skill level 7 in Fighting
  7756 | D:9      | Noticed a two-headed ogre
  7760 | D:9      | Killed a two-headed ogre
  7761 | D:9      | Reached skill level 9 in Invocations
  7761 | D:9      | Noticed Pikel
  7770 | D:9      | Killed Pikel
  7771 | D:9      | Reached skill level 8 in Fighting
  7838 | D:9      | Reached ** piety under Nemelex Xobeh
  8129 | D:10     | Entered Level 10 of the Dungeon
  8190 | D:10     | Reached skill level 10 in Invocations
  8431 | D:10     | Gained mutation: Your demonic aura often causes spilled
                  | blood to erupt in flames. [demonic ancestry]
  8431 | D:10     | Reached XP level 11. HP: 47/87 MP: 18/18
  8441 | D:10     | Noticed a two-headed ogre
  8459 | D:10     | Killed a two-headed ogre
  8460 | D:10     | Reached skill level 11 in Long Blades
  8586 | D:10     | Received a gift from Nemelex Xobeh
  8776 | D:10     | Reached skill level 2 in Armour
  9185 | D:10     | Reached skill level 11 in Invocations
  9388 | D:10     | Reached skill level 3 in Armour
  9454 | D:10     | Found a blossoming altar of Fedhas.
  9562 | D:11     | Found Cuotowor's Weapon Shop.
  9644 | D:11     | Noticed a red ugly thing
  9653 | D:11     | Killed a purple ugly thing
  9780 | D:11     | Reached *** piety under Nemelex Xobeh
  9842 | D:11     | Noticed a two-headed ogre
  9844 | D:11     | Killed a two-headed ogre
  9845 | D:11     | Reached skill level 4 in Armour
  9848 | D:11     | Received a gift from Nemelex Xobeh
  9966 | D:11     | Noticed a centaur warrior
  9971 | D:11     | Killed a centaur warrior
  9972 | D:11     | Reached skill level 12 in Long Blades
 10055 | D:11     | Found a staircase to the Orcish Mines.
 10083 | D:11     | Reached skill level 5 in Armour
 10760 | Lair:1   | Entered Level 1 of the Lair of Beasts
 10809 | Lair:1   | Noticed Harold
 10821 | Lair:1   | Killed Harold
 10822 | Lair:1   | Gained mutation: Your presence sometimes corrodes those you
                  | injure. [demonic ancestry]
 10822 | Lair:1   | Reached XP level 12. HP: 88/94 MP: 20/20
 10848 | Lair:1   | Reached skill level 6 in Armour
 11161 | Lair:1   | Received a gift from Nemelex Xobeh
 11404 | Lair:1   | Found a shimmering blue altar of Sif Muna.
 11728 | Lair:2   | Reached skill level 9 in Fighting
 11733 | Lair:2   | Reached skill level 12 in Invocations
 11973 | Lair:2   | Reached skill level 7 in Armour
 12163 | Lair:2   | Reached skill level 13 in Invocations
 12422 | Lair:2   | Reached skill level 10 in Fighting
 12489 | Lair:2   | Found a staircase to the Swamp.
 12804 | Lair:3   | Reached skill level 8 in Armour
 12863 | Lair:3   | Received a gift from Nemelex Xobeh
 12865 | Lair:3   | Found a staircase to the Snake Pit.
 12878 | Lair:3   | Gained mutation: You regenerate health from kills. [demonic
                  | ancestry]
 12878 | Lair:3   | Reached XP level 13. HP: 41/104 MP: 23/23
 13209 | Lair:3   | Noticed Fiji Kou's ghost (journeyman FeSu)
 13221 | Lair:3   | Found a runed translucent gate.
 13221 | Lair:3   | Found a runed translucent gate.
 13221 | Lair:3   | Found a runed translucent gate.
 13242 | Lair:3   | Reached skill level 14 in Invocations
 13262 | Lair:3   | Reached **** piety under Nemelex Xobeh
 13426 | Lair:3   | Reached skill level 11 in Fighting
 13430 | Lair:3   | You fall into a shaft and drop 2 floors!
 13430 | Lair:5   | Entered Level 5 of the Lair of Beasts
 13466 | Lair:5   | Reached skill level 9 in Armour
 13715 | Lair:4   | Received a gift from Nemelex Xobeh
 13772 | Lair:4   | Killed a ghost moth
 14057 | Lair:3   | Identified the +3 hand axe of Light {drain, MP+9 Str+3}
 14616 | Lair:4   | Reached skill level 15 in Invocations
 14747 | Lair:4   | Received a gift from Nemelex Xobeh
 14988 | Lair:4   | Found a runed translucent door.
 14990 | Lair:4   | Found a viscous altar of Jiyva.
 14991 | Lair:4   | Noticed an azure jelly
 14992 | Lair:4   | Found a staircase to the Slime Pits.
 14992 | Lair:4   | Noticed an azure jelly
 15497 | Lair:5   | Reached skill level 10 in Armour
 15521 | Lair:5   | Reached skill level 12 in Fighting
 15620 | Lair:5   | Received a gift from Nemelex Xobeh
 15838 | Lair:5   | Gained mutation: Your demonic aura causes all spilled blood
                  | to erupt in flames. [demonic ancestry]
 15838 | Lair:5   | Reached XP level 14. HP: 115/115 MP: 25/25
 15876 | Lair:5   | Reached ***** piety under Nemelex Xobeh
 16095 | Lair:5   | Reached skill level 16 in Invocations
 16207 | Lair:5   | Received a gift from Nemelex Xobeh
 16716 | D:6      | Bought the ring of Tuicziobb {EV+5 Dex+4 Slay+2 SInv} for
                  | 896 gold pieces
 16862 | Orc:1    | Entered Level 1 of the Orcish Mines
 17222 | Orc:1    | Found a frozen archway.
 17230 | IceCv    | Entered an ice cave
 17287 | IceCv    | Identified a +1 leather armour of resistance
 17318 | IceCv    | Reached skill level 2 in Dodging
 17332 | IceCv    | Got the Codex of Chilblains
 17835 | Orc:2    | Entered Level 2 of the Orcish Mines
 17843 | Orc:2    | Reached skill level 13 in Fighting
 17855 | Orc:1    | Reached skill level 3 in Dodging
 17969 | Orc:2    | Received a gift from Nemelex Xobeh
 18227 | Orc:2    | Paralysed by an orc sorcerer for 2 turns
 18255 | Orc:2    | Reached skill level 17 in Invocations
 18553 | Orc:2    | Received a gift from Nemelex Xobeh
 18569 | Orc:2    | Reached skill level 11 in Armour
 18601 | Orc:2    | Noticed an orc warlord
 18602 | Orc:2    | Identified the -1 long sword of Elangitz {pain, Will+ MP+9}
 18622 | Orc:2    | Killed an orc warlord
 18625 | Orc:2    | Noticed an orc warlord
 18664 | Orc:2    | Killed an orc warlord
 18709 | Orc:2    | Found a staircase to the Elven Halls.
 18750 | Orc:2    | Reached XP level 15. HP: 110/125 MP: 27/27
 18763 | Orc:2    | Found Uriaczuoke's Armour Shop.
 18763 | Orc:2    | Found Lusol's General Store.
 18767 | Orc:2    | Found Icad Sekhlu's Distillery.
 18776 | Orc:2    | Found Ceydaj's Antique Weapon Emporium.
 18887 | Orc:2    | Identified the +9 demon trident of the Countless Prophets
                  | {pain, rPois Str+2 Dex+3}
 18908 | Orc:2    | Identified the +9 scale mail of Saqirop {rPois rF+++ Int-2
                  | Dex-4}
 19333 | D:12     | Received a gift from Nemelex Xobeh
 19354 | D:12     | Reached skill level 14 in Fighting
 19571 | D:12     | Noticed Snorg
 19581 | D:12     | Killed Snorg
 19687 | D:12     | Noticed Fannar
 19697 | D:12     | Killed Fannar
 20029 | D:13     | Found a runed translucent gate.
 20030 | D:13     | Found a runed translucent gate.
 20031 | D:13     | Found a runed translucent gate.
 20050 | D:13     | Reached skill level 13 in Long Blades
 20060 | D:13     | Reached skill level 4 in Dodging
 20090 | D:13     | Found a gate to the Vaults.
 20130 | D:13     | Identified the +1 shortbow of Generosity {drain, rC- rN+++
                  | MP+9 Stlth+}
 20268 | D:13     | Noticed Zedil's ghost (journeyman VSBr)
 20439 | D:13     | Reached skill level 5 in Dodging
 20495 | D:13     | Received a gift from Nemelex Xobeh
 20531 | D:13     | Reached skill level 14 in Long Blades
 20549 | D:13     | Reached skill level 6 in Dodging
 20763 | D:13     | Found a portal to a secret trove of treasure.
 21059 | D:13     | Identified a scroll of acquirement
 21059 | D:13     | Acquired 899 gold pieces
 21075 | D:13     | Killed Zedil's ghost
 21081 | D:13     | Reached skill level 7 in Dodging
 21137 | D:14     | Received a gift from Nemelex Xobeh
 21553 | D:14     | Reached skill level 8 in Dodging
 21909 | D:15     | Entered Level 15 of the Dungeon
 21909 | D:15     | Received a gift from Nemelex Xobeh
 21950 | D:15     | Reached XP level 16. HP: 85/133 MP: 28/28
 22386 | D:15     | Reached skill level 9 in Dodging
 22459 | D:15     | Received a gift from Nemelex Xobeh
 22521 | D:15     | Found Lylusuh's Fire Supplies.
 22594 | D:15     | Found a staircase to the Depths.
 22939 | Snake:1  | Entered Level 1 of the Snake Pit
 23108 | Snake:1  | Reached skill level 10 in Dodging
 23260 | Snake:1  | Found Dos Qor's Antique Armour Shoppe.
 23847 | Snake:1  | Reached skill level 11 in Dodging
 23880 | Snake:1  | Received a gift from Nemelex Xobeh
 24609 | Snake:2  | Received a gift from Nemelex Xobeh
 25076 | Snake:2  | Identified 2 potions of resistance
 25125 | Snake:3  | Reached skill level 15 in Long Blades
 25658 | Snake:4  | Entered Level 4 of the Snake Pit
 25665 | Snake:4  | Reached skill level 16 in Long Blades
 25672 | Snake:4  | Received a gift from Nemelex Xobeh
 25731 | Snake:4  | Gained mutation: You are completely covered in yellow
                  | scales. (AC +4, rCorr) [demonic ancestry]
 25731 | Snake:4  | Reached XP level 17. HP: 139/139 MP: 29/29
 25981 | Snake:4  | Reached skill level 17 in Long Blades
 26091 | Snake:4  | Got a serpentine rune of Zot
 26555 | Snake:4  | Reached skill level 18 in Long Blades
 26621 | Snake:4  | Reached ****** piety under Nemelex Xobeh
 26901 | Snake:4  | Received a gift from Nemelex Xobeh
 27291 | Vaults:1 | Entered Level 1 of the Vaults
 27342 | Vaults:1 | Found a crumbling gateway.
 27403 | Desolati | Entered the Desolation of Salt
 27485 | Desolati | Got the Codex of the Black Widow and Frostbite
 27488 | Desolati | Got Sif Muna's Book of the Flammable Tempest
 27499 | Desolati | Got the Disquisition on the Doomed Shapeshifter
 27501 | Desolati | Got the Parchment of Momentum
 27575 | Desolati | Reached skill level 19 in Long Blades
 27619 | Desolati | Reached XP level 18. HP: 146/146 MP: 30/30
 27813 | Desolati | Identified the amulet of Gaiv {RegenMP *Slow rF- Int+6
                  | Dex+2}
 27816 | Desolati | Identified the +2 buckler of Owek Afo {rF+ Regen+ Str+4
                  | Int-3}
 28118 | Desolati | Found the +18 shield of the Gong {Loud rN+ Will+ rCorr
                  | EV-5}
 28136 | Desolati | Got the Octavo of Baleful Transfiguration
 28339 | Desolati | Reached skill level 20 in Long Blades
 28460 | Desolati | Received a gift from Nemelex Xobeh
 28778 | Vaults:1 | Noticed Saint Roka
 28789 | Vaults:1 | Killed Saint Roka
 28984 | Vaults:1 | Reached skill level 21 in Long Blades
 29914 | Vaults:2 | Received a gift from Nemelex Xobeh
 29963 | Vaults:2 | Identified the +0 quarterstaff "Ivvokiop" {freeze, Str+3
                  | SInv}
 29967 | Vaults:2 | You are cast into the Abyss!
 29967 | Abyss:2  | Cast into level 2 of the Abyss (a deep elf demonologist)
 30233 | Abyss:2  | Found a corrupted altar of Lugonu.
 30394 | Abyss:2  | Found a corrupted altar of Lugonu.
 30540 | Vaults:2 | You pass through the gate.
 30540 | Vaults:2 | Escaped the Abyss
 30547 | Vaults:2 | Received a gift from Nemelex Xobeh
 30862 | Vaults:2 | Reached XP level 19. HP: 152/152 MP: 31/31
 30908 | Vaults:2 | Reached skill level 22 in Long Blades
 30936 | Vaults:2 | Received a gift from Nemelex Xobeh
 31013 | Vaults:2 | Found the +8 storm bow {elec, penet}
 31055 | Vaults:2 | Reached skill level 18 in Invocations
 31077 | Vaults:2 | You are cast into the Abyss!
 31077 | Abyss:3  | Cast into level 3 of the Abyss (a deep elf demonologist)
 31079 | Abyss:3  | Found a corrupted altar of Lugonu.
 31163 | Abyss:3  | Found a corrupted altar of Lugonu.
 31268 | Abyss:3  | Found a corrupted altar of Lugonu.
 31297 | Abyss:3  | Reached skill level 12 in Armour
 31363 | Abyss:3  | Found a corrupted altar of Lugonu.
 31384 | Abyss:3  | Noticed a profane servitor
 31390 | Abyss:3  | Paralysed by accursed screaming for 2 turns
 31395 | Abyss:3  | Killed a profane servitor
 31401 | Abyss:3  | Paralysed by accursed screaming for 1 turns
 31405 | Vaults:2 | You pass through the gate.
 31405 | Vaults:2 | Escaped the Abyss
 31444 | Vaults:2 | Found Gyosho's Armour Shoppe.
 31633 | Vaults:2 | Received a gift from Nemelex Xobeh
 31829 | Vaults:2 | Identified a +1 robe of the Archmagi
 31855 | Vaults:2 | Reached skill level 19 in Invocations
 32206 | Vaults:2 | Reached skill level 15 in Fighting
 32618 | Vaults:3 | Received a gift from Nemelex Xobeh
 32642 | Vaults:3 | Paralysed by a sphinx for 4 turns
 32926 | D:6      | Bought a ring of willpower for 350 gold pieces
 33356 | Vaults:3 | Reached skill level 13 in Armour
 33533 | Vaults:3 | Gained mutation: Your presence sometimes corrodes or
                  | deforms those you injure. [demonic ancestry]
 33533 | Vaults:3 | Reached XP level 20. HP: 163/163 MP: 31/33
 33698 | Vaults:3 | Reached skill level 20 in Invocations
 33897 | Vaults:3 | Received a gift from Nemelex Xobeh
 34148 | Vaults:3 | HP: 14/164 [deep troll simulacrum[a necromancer] (28)]
 34432 | Vaults:3 | Reached skill level 16 in Fighting
 34440 | Vaults:3 | Found a staircase to the Crypt.
 34962 | Vaults:4 | Noticed Jory
 35071 | Vaults:4 | Gained mutation: You are clumsy. (Dex -2) [a neqoxec]
 35082 | Vaults:4 | Killed Jory
 35189 | Vaults:4 | Received a gift from Nemelex Xobeh
 35669 | Vaults:4 | Reached skill level 14 in Armour
 35982 | Vaults:4 | Received a gift from Nemelex Xobeh
 36105 | Vaults:4 | Reached skill level 21 in Invocations
 36972 | Elf:1    | Entered Level 1 of the Elven Halls
 36979 | Elf:1    | Paralysed by a floating eye for 4 turns
 37059 | Elf:1    | Received a gift from Nemelex Xobeh
 37086 | Elf:1    | Paralysed by an air elemental for 1 turns
 37116 | Elf:1    | HP: 10/167 [deep elf knight/shard of ice (31)]
 37430 | Orc:2    | Bought a triple sword for 290 gold pieces
 37515 | Elf:1    | Reached skill level 17 in Fighting
 37581 | Elf:1    | Gained mutation: You regenerate a lot of health from kills.
                  | [demonic ancestry]
 37581 | Elf:1    | Reached XP level 21. HP: 171/174 MP: 35/35
 37663 | Elf:1    | Received a gift from Nemelex Xobeh
 37766 | Elf:1    | Found Lefojigu's Jewellery Boutique.
 37996 | Elf:2    | Received a gift from Nemelex Xobeh
 38036 | Elf:2    | Found a flickering gateway to a bazaar.
 38042 | Bazaar   | Entered a bazaar
 38042 | Bazaar   | Found Agariufa's Magic Scroll Shoppe.
 38042 | Bazaar   | Found Dereamm's General Store.
 38044 | Bazaar   | Found Mast's Assorted Antiques.
 38060 | Bazaar   | Found Ybreit's Weapon Emporium.
 38089 | Bazaar   | Bought a scroll of enchant armour for 105 gold pieces
 38089 | Bazaar   | Bought a scroll of enchant armour for 105 gold pieces
 38089 | Bazaar   | Bought a scroll of acquirement for 728 gold pieces
 38089 | Bazaar   | Acquired the ring "Ruuwiteo" {rElec rC+ Str-2 Int+3}
 38097 | Bazaar   | Bought a scroll of enchant armour for 112 gold pieces
 38097 | Bazaar   | Bought a potion of might for 60 gold pieces
 38144 | Elf:2    | Found a radiant altar of Vehumet.
 38353 | Elf:2    | Found a runed translucent gate.
 38354 | Elf:2    | Found a runed translucent gate.
 38354 | Elf:2    | Found a runed translucent gate.
 38586 | Elf:2    | Found a bloodstained altar of Trog.
 39080 | Elf:3    | Entered Level 3 of the Elven Halls
 39109 | Elf:3    | Received a gift from Nemelex Xobeh
 39112 | Elf:3    | Found Acirgh's Antique Weapon Emporium.
 39120 | Elf:3    | Reached skill level 15 in Armour
 39982 | Elf:3    | Received a gift from Nemelex Xobeh
 39987 | Elf:3    | Noticed Louise
 39998 | Elf:3    | Killed Louise
 40116 | Elf:3    | Paralysed by an air elemental for 1 turns
 40769 | Elf:3    | Identified the ring of Niuven {rCorr AC+4 Str+3}
 40907 | Elf:3    | Identified the +7 quick blade "Avuwuacu" {venom, *Slow rC-
                  | rCorr SInv}
 41005 | Elf:3    | Reached skill level 18 in Fighting
 41750 | Elf:3    | Found the +8 frozen axe "Frostbite" {freeze, freezing
                  | cloud, *Noise Fly rC+}
 41751 | Elf:3    | Paralysed by an air elemental for 1 turns
 41873 | Elf:3    | Identified the +4 hand axe of Vofi {freeze, Contam Int+5
                  | Dex+3}
 41881 | Elf:3    | Identified the +3 falchion "Noja" {heavy, rC+}
 41885 | Elf:3    | Acquired 906 gold pieces
 41890 | Elf:3    | Identified the +8 chain mail of Grand Life {rC- MP+9 Int+2
                  | Stlth+}
 41947 | Elf:3    | Identified the +10 glaive of Serph {venom, rPois rF- Dex+4}
 41951 | Elf:3    | Identified the +6 long sword of Crusades {flame, Will+}
 41957 | Elf:3    | Identified the +8 spear of Massacring {protect, rN+ Int-4
                  | Dex+3}
 42001 | Elf:3    | Identified the +5 rapier "Ducvyfu" {pain, Drain rPois
                  | Int+3}
 42150 | Elf:3    | Got the Compendium of Jinxing and the Switch
 42499 | Crypt:1  | Entered Level 1 of the Crypt
 42502 | Crypt:1  | Noticed a curse skull
 42585 | Vaults:3 | HP: 16/177 [vampire[a curse skull] (5)]
 42898 | Vaults:3 | Killed a curse skull
 43045 | Crypt:1  | Reached skill level 16 in Armour
 43171 | Vaults:5 | Entered Level 5 of the Vaults
 43173 | Vaults:5 | Identified the +0 long sword of Recklessness {drain, *Rage
                  | rN+ Str+3}
 43173 | Vaults:5 | Identified the +0 trident of Past Mistakes {flame, Int+3}
 43176 | Vaults:5 | Paralysed by a floating eye for 4 turns
 43178 | Vaults:5 | Noticed a dread lich
 43215 | Vaults:4 | Paralysed by a dread lich for 4 turns
 43219 | Vaults:4 | Killed a dread lich
 43285 | Vaults:5 | Received a gift from Nemelex Xobeh
 43400 | Vaults:5 | Reached skill level 19 in Fighting
 43402 | Vaults:5 | Paralysed by a sphinx for 3 turns
 43444 | Vaults:5 | Reached XP level 22. HP: 159/187 MP: 27/36
 43445 | Vaults:5 | Noticed a dread lich
 43471 | Vaults:5 | Noticed a dread lich
 43472 | Vaults:5 | Killed a dread lich
 43494 | Vaults:5 | Killed a dread lich
 43510 | Vaults:5 | Reached skill level 17 in Armour
 43664 | Vaults:5 | Identified the +0 bardiche of the End {drain, Int+2}
 43666 | Vaults:5 | Noticed Bai Suzhen
 43709 | Vaults:5 | Killed Bai Suzhen
 43975 | Vaults:5 | a titan changed into a juggernaut
 43975 | Vaults:5 | Noticed a juggernaut
 43975 | Vaults:5 | HP: 15/168 [titan (24)]
 44449 | Vaults:5 | Reached skill level 20 in Fighting
 44665 | Vaults:5 | Got the Directory of Nocuous Bones
 44706 | Vaults:5 | Acquired 520 gold pieces
 45171 | Vaults:5 | Identified the +8 scale mail of the Desert {Int+3}
 45389 | Vaults:5 | Killed a juggernaut
 45466 | Vaults:5 | Received a gift from Nemelex Xobeh
 45789 | Vaults:5 | Reached skill level 18 in Armour
 45797 | Vaults:5 | Got a silver rune of Zot
 45956 | Vaults:5 | Got the Tome of Arctic Position
 45958 | Vaults:5 | Got the Elucidation of Topology
 46450 | Swamp:1  | Entered Level 1 of the Swamp
 46685 | Swamp:1  | Received a gift from Nemelex Xobeh
 46755 | Swamp:1  | Noticed Josephine
 46758 | Swamp:1  | Josephine changed into Josephine the redback
 46758 | Swamp:1  | Noticed Josephine
 46776 | Swamp:1  | Killed Josephine the redback
 47331 | Swamp:1  | Identified the +4 great mace "Abiriku" {flame, *Noise rCorr
                  | MP+9 Int+7}
 47867 | Swamp:2  | Acquired the +1 helmet "Wusholup" {Harm rC+}
 48343 | Swamp:3  | Received a gift from Nemelex Xobeh
 48658 | Swamp:4  | Entered Level 4 of the Swamp
 48878 | Swamp:4  | Reached XP level 23. HP: 197/198 MP: 37/37
 48943 | Swamp:4  | Received a gift from Nemelex Xobeh
 49382 | Swamp:4  | Reached skill level 21 in Fighting
 49516 | Swamp:4  | Got a decaying rune of Zot
 50016 | Depths:1 | Entered Level 1 of the Depths
 50108 | Depths:1 | Noticed a juggernaut
 50122 | Depths:1 | Killed a juggernaut
 50132 | Depths:1 | Reached skill level 19 in Armour
 50138 | Depths:1 | Found a hide-covered altar of Uskayaw.
 50184 | Depths:1 | Received a gift from Nemelex Xobeh
 50309 | Depths:1 | Found a gateway to Hell.
 50341 | Depths:1 | Identified the +7 war axe "Wuysauda" {flame, rF- rC+ Int+2}
 50593 | Depths:1 | Found a one-way gate to the infinite horrors of the Abyss.
 50610 | Depths:1 | Found a one-way gate leading to the halls of Pandemonium.
 50996 | Depths:2 | Paralysed by a floating eye for 2 turns
 51010 | Depths:2 | Reached skill level 22 in Fighting
 51033 | Depths:2 | Received a gift from Nemelex Xobeh
 51063 | Depths:2 | Found a flickering gateway to a bazaar.
 51070 | Bazaar   | Entered a bazaar
 51091 | Bazaar   | Found Asaurr's Weapon Shoppe.
 51107 | Bazaar   | Found Pifo's Antique Weapon Shoppe.
 51123 | Bazaar   | Found Lek Pig's Distillery.
 51123 | Bazaar   | Found Xeijiriu's Magic Scroll Emporium.
 51165 | Bazaar   | Bought a potion of heal wounds for 55 gold pieces
 51165 | Bazaar   | Bought a potion of haste for 110 gold pieces
 51165 | Bazaar   | Bought a potion of heal wounds for 55 gold pieces
 51171 | Bazaar   | Bought a scroll of magic mapping for 142 gold pieces
 51171 | Bazaar   | Bought a scroll of blinking for 142 gold pieces
 51171 | Bazaar   | Bought a scroll of teleportation for 57 gold pieces
 51696 | Depths:2 | Noticed a caustic shrike
 51730 | Depths:2 | Reached skill level 20 in Armour
 51741 | Depths:2 | Killed a caustic shrike
 52302 | Depths:2 | Lost mutation: You are clumsy. (Dex -2) [potion of
                  | mutation]
 52302 | Depths:2 | Gained mutation: You expend magic power (3 MP) to
                  | strengthen your wands. [potion of mutation]
 52302 | Depths:2 | Gained mutation: You do not regenerate when monsters are
                  | visible. [potion of mutation]
 52302 | Depths:2 | Gained mutation: Your mind is acute. (Int +4, Str/Dex -1)
                  | [potion of mutation]
 52303 | Depths:2 | Lost mutation: Your mind is acute. (Int +4, Str/Dex -1)
                  | [potion of mutation]
 52303 | Depths:2 | Lost mutation: You do not regenerate when monsters are
                  | visible. [potion of mutation]
 52303 | Depths:2 | Lost mutation: You expend magic power (3 MP) to strengthen
                  | your wands. [potion of mutation]
 52303 | Depths:2 | Gained mutation: You have a beak for a mouth. [potion of
                  | mutation]
 52303 | Depths:2 | Gained mutation: You are weak. (Str -2) [potion of
                  | mutation]
 52303 | Depths:2 | Gained mutation: Your magical capacity is low. (-10% MP)
                  | [potion of mutation]
 52304 | Depths:2 | Lost mutation: Your magical capacity is low. (-10% MP)
                  | [potion of mutation]
 52304 | Depths:2 | Lost mutation: You have a beak for a mouth. [potion of
                  | mutation]
 52304 | Depths:2 | Gained mutation: Your mind is acute. (Int +4, Str/Dex -1)
                  | [potion of mutation]
 52305 | Depths:2 | Lost mutation: You are weak. (Str -2) [potion of mutation]
 52305 | Depths:2 | Lost mutation: Your mind is acute. (Int +4, Str/Dex -1)
                  | [potion of mutation]
 52305 | Depths:2 | Gained mutation: Your mind is acute. (Int +4, Str/Dex -1)
                  | [potion of mutation]
 52305 | Depths:2 | Gained mutation: You are robust. (+10% HP) [potion of
                  | mutation]
 52348 | Depths:3 | Received a gift from Nemelex Xobeh
 52489 | Depths:3 | Reached XP level 24. HP: 149/228 MP: 37/37
 53125 | Depths:3 | Received a gift from Nemelex Xobeh
 53287 | Depths:3 | Reached skill level 23 in Fighting
 53291 | Depths:3 | Identified the +9 spear of Gallantry {freeze, rPois rCorr
                  | Str+2 Stlth+}
 53333 | Depths:3 | Identified the +6 short sword "Jyempah" {flame, Int+4
                  | Stlth+}
 53334 | Depths:3 | Identified the +1 pair of gloves "Qulaf" {Will+ Str+3
                  | Dex+5}
 53531 | Depths:3 | Found a one-way gateway to a ziggurat.
 53905 | Depths:4 | Entered Level 4 of the Depths
 54105 | Depths:4 | Received a gift from Nemelex Xobeh
 54200 | Depths:4 | Reached skill level 21 in Armour
 54358 | Depths:4 | Noticed Xtahua
 54373 | Depths:4 | Killed Xtahua
 54615 | Depths:4 | Found a gate to the Realm of Zot.
 54868 | Depths:4 | Received a gift from Nemelex Xobeh
 55057 | Zot:1    | Entered Level 1 of the Realm of Zot
 55533 | Slime:1  | Entered Level 1 of the Pits of Slime
 55596 | Slime:3  | Noticed Dissolution
 55628 | Slime:2  | Killed Dissolution
 55679 | Slime:4  | Identified the +1 long sword of Extinguishment {drain,
                  | Int+2}
 55682 | Slime:4  | Reached skill level 24 in Fighting
 55775 | Slime:4  | Received a gift from Nemelex Xobeh
 55851 | Slime:5  | Entered Level 5 of the Pits of Slime
 55862 | Slime:5  | Noticed the Royal Jelly
 56094 | Slime:4  | Received a gift from Nemelex Xobeh
 56094 | Slime:4  | Paralysed by a floating eye for 4 turns
 56280 | Slime:5  | Gained mutation: You are weak. (Str -2) [a shining eye]
 56306 | Slime:5  | Found a viscous altar of Jiyva.
 56335 | Slime:5  | Reached skill level 22 in Armour
 56381 | Slime:5  | Killed the Royal Jelly
 56382 | Slime:5  | Gained mutation: You can speak a Word of Chaos. [demonic
                  | ancestry]
 56382 | Slime:5  | Reached XP level 25. HP: 140/247 MP: 26/37
 56389 | Slime:5  | HP: 23/247 [quicksilver ooze[the Royal Jelly] (18)]
 56390 | Slime:5  | HP: 11/247 [rockslime[the Royal Jelly] (36)]
 56390 | Slime:5  | Slain by an acid blob

Vanquished Creatures
  Dissolution (Slime:2)
  the Royal Jelly (Slime:5)
  3 dread liches
  2 juggernauts
  Bai Suzhen (Vaults:5)
  Saint Roka (Vaults:1)
  A caustic shrike (Depths:2)
  Xtahua (Depths:4)
  3 golden dragons
  Jory (Vaults:4)
  A profane servitor (Abyss:3)
  A bone dragon (Swamp:4)
  3 tentacled monstrosities
  4 deep elf blademasters (Elf:3)
  2 walking divine tomes
  6 liches
  4 deep elf master archers (Elf:3)
  A walking frostbound tome (Depths:3)
  14 acid blobs
  6 titans
  9 sphinxes
  4 tentacled starspawn
  8 tengu reavers
  A shadow dragon (shapeshifter) (Depths:3)
  6 shadow dragons
  11 rockslimes
  16 nagarajas
  5 storm dragons
  A fenstrider witch (shapeshifter) (Vaults:5)
  7 azure jellies
  10 fire giants
  7 deep elf sorcerers
  11 frost giants
  A balrug (Depths:2)
  3 orc warlords
  4 iron dragons
  17 vault wardens
  2 deep elf elementalists (Elf:3)
  9 quicksilver oozes
  A curse skull (Vaults:3)
  An imperial myrmidon (Desolation)
  A ghost moth (Lair:4)
  19 ironbound preservers
  Louise (Elf:3)
  26 very ugly things
  3 ghouls (Swamp:1)
  A draconian stormcaller (Depths:4)
  A broodmother (Vaults:4)
  A spriggan defender (Depths:1)
  2 draconian shifters (Depths:4)
  7 war gargoyles
  19 stone giants
  4 ironbound thunderhulks
  5 deep elf demonologists
  3 vampire knights
  2 red draconians (Depths:4)
  7 deep elf annihilators
  An eleionoma (Swamp:1)
  2 black draconians (Depths:4)
  3 bunyips
  2 purple draconians (Depths:4)
  7 spark wasps
  5 dire elephants
  3 yellow draconians (Depths:4)
  A minotaur (Elf:1)
  A halazid warlock (Desolation)
  Snorg (D:12)
  14 ettins
  5 deep elf death magi
  6 crystal guardians
  An eidolon (Vaults:3)
  5 deep elf high priests
  9 fire dragons
  5 jiangshi
  An entropy weaver (Vaults:2)
  9 great orbs of eyes
  8 ragged hierophants (Desolation)
  A shambling mangrove (Swamp:4)
  Fannar (D:12)
  2 entropy weavers (shapeshifter)
  9 servants of whispers (Desolation)
  10 yaktaur captains
  A great orb of eyes (shapeshifter) (Vaults:1)
  Harold (Lair:1)
  2 salamander tyrants (Snake:4)
  8 vault guards
  7 hydras
  5 ice dragons
  4 anacondas
  4 rakshasas
  The ghost of Zedil the Slicer, a journeyman VSBr of Ru (D:13)
  6 boulder beetles
  5 ghost crabs
  10 ironbound frosthearts
  5 spriggan air magi
  15 peacekeepers
  2 radroaches
  8 alligators
  An anaconda (shapeshifter) (Vaults:5)
  2 catoblepae
  4 ogre magi (Vaults:5)
  4 tengu warriors
  17 dancing weapons
  A death knight (D:14)
  9 centaur warriors
  8 two-headed ogres
  A satyr (shapeshifter) (Vaults:5)
  4 death yaks (Lair:5)
  6 deep troll shamans
  21 naga warriors
  8 deep troll earth magi
  2 thrashing horrors (Abyss:3)
  6 shock serpents
  10 spriggan berserkers
  4 orc high priests (Orc:2)
  12 naga sharpshooters
  6 vampire magi
  3 hell hogs (Depths:1)
  4 hell knights
  9 large abominations
  13 deep elf knights
  A titan skeleton (Vaults:4)
  A skeletal warrior (D:13)
  3 wretched stars (Abyss:3)
  2 fire crabs
  A sun demon (Depths:2)
  A salamander mystic (Snake:3)
  A sixfirhy (Abyss:2)
  A skyshark (shapeshifter) (Depths:1)
  2 death drakes
  9 iron trolls
  66 deep trolls
  6 goliath frogs
  12 bog bodies
  4 spriggan druids
  7 glowing orange brains
  21 ironbound convokers
  2 steelbarb worms
  4 flayed ghosts
  Pikel (D:9)
  5 phantasmal warriors
  7 deep elf archers
  5 naga ritualists
  A swamp dragon (Swamp:3)
  3 spectral hydras (Swamp:4)
  10 orc knights
  32 deep elf zephyrmancers
  7 wizards
  15 lindwurms
  A harpy (Vaults:2)
  7 orc sorcerers (Orc:2)
  2 harpies (shapeshifter)
  7 mana vipers
  8 necromancers
  33 deep elf pyromancers
  7 manticores
  4 cyclopes
  A shadow dragon skeleton (Vaults:4)
  27 ugly things
  4 will-o-the-wisps
  A wolf spider (shapeshifter) (Depths:1)
  14 salamanders
  4 shining eyes
  A moth of wrath (Depths:4)
  9 guardian serpents
  15 elephants
  An ice statue (IceCv)
  A human skeleton (Vaults:3)
  2 smoke demons
  22 vault sentinels
  A rust devil (Depths:1)
  A torpor snail (shapeshifter) (D:13)
  10 cane toads
  2 eyes of devastation
  16 naga magi
  A water nymph (Vaults:5)
  43 black mambas
  8 spectral spriggans (Swamp:1)
  A molten gargoyle (Desolation)
  An orange demon (Abyss:2)
  A gargoyle (D:13)
  A torpor snail (Lair:3)
  4 swamp worm zombies (Swamp:4)
  An unseen horror (shapeshifter) (D:14)
  4 freezing wraiths
  4 unseen horrors
  3 rime drakes
  A catoblepas zombie (Crypt:1)
  An ice devil (Depths:1)
  An ancient zyme (Abyss:3)
  10 komodo dragons
  6 tengu conjurers
  38 yaktaurs
  2 queen bees
  2 tormentors
  A spectral harpy (D:13)
  6 polar bears
  11 hornets
  6 trolls
  A tengu simulacrum (Vaults:2)
  3 hydra zombies (Swamp:4)
  6 tyrant leeches
  Prince Ribbit (D:5)
  A merfolk (Orc:1)
  A death drake zombie (Crypt:1)
  8 raiju
  A wind drake (Vaults:5)
  18 blink frogs
  2 meliai (D:15)
  2 tarantellas (shapeshifter)
  55 saltlings (Desolation)
  A spectral swamp dragon (Swamp:4)
  A jumping spider (Vaults:2)
  5 dream sheep
  3 alligator zombies (Swamp:4)
  50 slime creatures
  A flying skull (Abyss:3)
  3 air elementals
  An ettin zombie (Vaults:4)
  46 yaks
  7 wyverns
  7 wraiths
  21 spriggans
  7 water elementals
  3 shadows
  3 vampires
  2 fire bats (Abyss:2)
  7 ynoxinuls
  A neqoxec (Abyss:2)
  8 basilisks
  A chaos spawn (Depths:1)
  3 death yak simulacra (IceCv)
  19 vampire mosquitoes
  5 golden eyes (Slime:1)
  2 steam dragons
  2 redbacks
  7 wargs
  A harpy simulacrum (IceCv)
  53 nagas
  14 swamp worms
  A glowing shapeshifter zombie (Vaults:3)
  A hydra simulacrum (IceCv)
  25 water moccasins
  3 floating eyes
  A floating eye (shapeshifter) (Vaults:5)
  An ice beast (D:7)
  Duvessa (D:6)
  A swamp drake (Lair:1)
  4 human zombies
  50 orc warriors
  3 swamp dragon zombies (Swamp:4)
  6 black bears
  3 ettin simulacra (Depths:1)
  22 wolves
  4 boggarts
  9 ogres
  10 centaurs
  8 small abominations
  2 lemures (D:9)
  11 phantoms
  5 kobold brigands
  12 bullfrogs
  6 gnoll sergeants
  5 cane toad simulacra (IceCv)
  2 earth elementals
  2 human simulacra
  4 two-headed ogre simulacra (IceCv)
  3 scorpions
  12 wights
  Dowan (D:6)
  4 killer bees (D:10)
  4 elephant simulacra (IceCv)
  5 electric eels
  3 howler monkeys
  6 hounds
  2 gnoll boudas
  17 orc priests
  A jelly (Lair:1)
  22 starcursed masses
  An iron imp (Abyss:2)
  A black bear skeleton (Crypt:1)
  A sleepcap (D:4)
  6 iguanas
  16 orc wizards
  5 spriggan simulacra (IceCv)
  Terence (D:2)
  A polar bear simulacrum (IceCv)
  2 spectral swamp drakes (Swamp:4)
  2 troll simulacra (IceCv)
  A wolf simulacrum (IceCv)
  An ogre zombie (Crypt:1)
  A boggart simulacrum (D:13)
  29 gnolls
  9 adders
  2 swamp drake zombies (Swamp:4)
  6 naga simulacra (IceCv)
  8 white imps
  7 ufetubi
  2 worms
  2 dart slugs
  79 orcs
  5 bats
  6 endoplasms
  A giant cockroach (D:3)
  4 hobgoblins
  2 jackals (D:1)
  4 quokkas
  5 ball pythons
  4 frilled lizards
  3 goblins
  9 kobolds
  6 rats
  2 bushes (Depths:1)
  A lurking horror (Abyss:2)
  A starspawn tentacle (Abyss:3)
2133 creatures vanquished.

Vanquished Creatures (collateral kills)
  An azure jelly (Slime:2)
  A rockslime (Slime:4)
  An ironbound preserver (Vaults:4)
  A war gargoyle (Vaults:4)
  A hydra (Lair:3)
  A centaur warrior (D:11)
  A tengu warrior (Depths:3)
  A deep troll (Vaults:4)
  A deep elf pyromancer (Elf:1)
  An orc knight (Vaults:4)
  A salamander (Snake:2)
  A centaur zombie (D:13)
  3 spectral centaurs (D:13)
  A gargoyle (D:8)
  A troll (Orc:2)
  A slime creature (Slime:2)
  A centaur simulacrum (D:13)
  A floating eye (Vaults:5)
  An orc warrior (Orc:2)
  An orc priest (Orc:2)
  An orc wizard (Orc:2)
  2 orcs (Orc:2)
25 creatures vanquished.

Vanquished Creatures (others)
  A fire giant (Vaults:5)
  A stone giant (Depths:2)
  A bunyip (Swamp:2)
  An alligator (Swamp:4)
  A boulder beetle (Vaults:5)
  A goliath frog (Swamp:3)
  A deep troll (Vaults:3)
  2 bog bodies
  A deep elf archer (Elf:2)
  A deep elf zephyrmancer (Elf:1)
  A deep elf pyromancer (Elf:3)
  A stone giant zombie (Vaults:2)
  A komodo dragon (Elf:1)
  6 bloated husks
  A hornet (Swamp:3)
  2 phantoms (Swamp:4)
  A bush (Depths:1)
  10 demonic plants (Abyss:2)
  14 foxfires
  33 fungi
  2 lurking horrors
  46 plants
  8 starspawn tentacles
137 creatures vanquished.

Grand Total: 2295 creatures vanquished

Table legend: (Time is in decaauts)
 A = Elapsed time spent in this place.
 B = Non-inter-level travel time spent in this place.
 C = Inter-level travel time spent in this place.
 D = Time resting spent in this place.
 E = Time spent auto-exploring this place.
 F = Levels seen in this place.
 G = Mean time per level.
                   A        B        C        D        E       F      G
               +--------+--------+--------+--------+--------+-----+--------+
         Total |  55160 |  50275 |   4885 |   7161 |  32255 |  55 | 1002.9 |
       Dungeon |  16025 |  13353 |   2672 |    515 |  10796 |  15 | 1068.3 |
          Lair |   6189 |   5649 |    540 |    417 |   4206 |   5 | 1237.8 |
         Swamp |   3377 |   3213 |    164 |    217 |   2282 |   4 |  844.2 |
     Snake Pit |   3938 |   3722 |    216 |    105 |   2802 |   4 |  984.5 |
    Slime Pits |    800 |    800 |      0 |    320 |      0 |   5 |  160.0 |
  Orcish Mines |   2189 |   1935 |    254 |    686 |    868 |   2 | 1094.5 |
   Elven Halls |   4777 |   4624 |    153 |   1527 |   2223 |   3 | 1592.3 |
        Vaults |  10260 |   9545 |    715 |   2403 |   5111 |   5 | 2052.0 |
         Crypt |    104 |     91 |     13 |      3 |     53 |   1 |  104.0 |
        Depths |   4809 |   4655 |    154 |    557 |   2997 |   4 | 1202.2 |
           Zot |      4 |      4 |      0 |      0 |      0 |   1 |    4.0 |
         Abyss |    827 |    827 |      0 |    172 |    147 |   2 |  413.5 |
        Bazaar |    211 |    211 |      0 |      0 |    103 |   2 |  105.5 |
      Ice Cave |    537 |    537 |      0 |      0 |    314 |   1 |  537.0 |
    Desolation |   1106 |   1106 |      0 |    238 |    351 |   1 | 1106.0 |
               +--------+--------+--------+--------+--------+-----+--------+

Top non-repeatable levels by time:
   Elf:3: 3075 daAuts
Vaults:5: 2733 daAuts
Vaults:3: 2300 daAuts
Vaults:2: 2033 daAuts
Depths:2: 1743 daAuts
     D:8: 1699 daAuts
Vaults:4: 1686 daAuts
  Lair:5: 1518 daAuts
  Lair:3: 1515 daAuts
Vaults:1: 1506 daAuts
    D:10: 1505 daAuts
    D:13: 1368 daAuts
   Orc:2: 1283 daAuts
  Lair:1: 1269 daAuts
 Swamp:1: 1213 daAuts

Table legend:
 A = Non-vault XP
 B = Vault XP
 C = Vault XP percentage of total XP
 D = Non-vault monster count
 E = Vault monster count
 F = Vault count percentage of total count
                 A         B        C        D         E       F
            +---------+---------+-------+---------+---------+-------
      Total |  596014 |  552664 |  48.1 |    1300 |     854 |  39.6
            +---------+---------+-------+---------+---------+-------
        D:1 |      20 |       0 |   0.0 |      13 |       0 |   0.0
        D:2 |      56 |      34 |  37.8 |      18 |       3 |  14.3
        D:3 |     198 |       0 |   0.0 |      18 |       0 |   0.0
        D:4 |     528 |       0 |   0.0 |      25 |       0 |   0.0
        D:5 |     786 |     286 |  26.7 |      17 |       1 |   5.6
        D:6 |     581 |     204 |  26.0 |      11 |       2 |  15.4
        D:7 |    1616 |       0 |   0.0 |      23 |       0 |   0.0
        D:8 |    2254 |       0 |   0.0 |      30 |       0 |   0.0
        D:9 |    2762 |     610 |  18.1 |      19 |       1 |   5.0
       D:10 |    5671 |     494 |   8.0 |      27 |       3 |  10.0
       D:11 |    4303 |    1657 |  27.8 |      16 |      20 |  55.6
       D:12 |    4966 |    1833 |  27.0 |      23 |       2 |   8.0
       D:13 |    7585 |   20254 |  72.8 |      20 |      35 |  63.6
       D:14 |    7741 |       0 |   0.0 |      11 |       0 |   0.0
       D:15 |   10526 |     918 |   8.0 |      23 |       1 |   4.2
     Lair:1 |    3154 |    1307 |  29.3 |      15 |       5 |  25.0
     Lair:2 |    8723 |       0 |   0.0 |      26 |       0 |   0.0
     Lair:3 |   10703 |    2515 |  19.0 |      37 |      11 |  22.9
     Lair:4 |   10020 |    2558 |  20.3 |      32 |       2 |   5.9
     Lair:5 |   11872 |    7280 |  38.0 |      30 |      44 |  59.5
    Swamp:1 |    5723 |   16042 |  73.7 |      11 |      29 |  72.5
    Swamp:2 |    3798 |    1025 |  21.3 |       8 |       3 |  27.3
    Swamp:3 |   12390 |       0 |   0.0 |      27 |       0 |   0.0
    Swamp:4 |    7723 |   13884 |  64.3 |      18 |      38 |  67.9
    Snake:1 |   15706 |       0 |   0.0 |      34 |       0 |   0.0
    Snake:2 |   14870 |       0 |   0.0 |      32 |       0 |   0.0
    Snake:3 |   19008 |       0 |   0.0 |      45 |       0 |   0.0
    Snake:4 |   19308 |   36257 |  65.3 |      43 |      42 |  49.4
    Slime:1 |    4484 |       0 |   0.0 |      13 |       0 |   0.0
    Slime:2 |    3873 |    7298 |  65.3 |       5 |       1 |  16.7
    Slime:3 |    1940 |       0 |   0.0 |       6 |       0 |   0.0
    Slime:4 |   20969 |    8814 |  29.6 |      34 |       7 |  17.1
    Slime:5 |    3493 |   19784 |  85.0 |       5 |      11 |  68.8
      Orc:1 |    3437 |       0 |   0.0 |      38 |       0 |   0.0
      Orc:2 |    7570 |   17196 |  69.4 |      36 |      81 |  69.2
      Elf:1 |   11888 |   12682 |  51.6 |      20 |      20 |  50.0
      Elf:2 |    5037 |    8905 |  63.9 |       9 |      11 |  55.0
      Elf:3 |   18331 |   33340 |  64.5 |      31 |      27 |  46.6
   Vaults:1 |   25135 |   17653 |  41.3 |      36 |      32 |  47.1
   Vaults:2 |   37391 |   24999 |  40.1 |      57 |      41 |  41.8
   Vaults:3 |   45458 |   20880 |  31.5 |      60 |      35 |  36.8
   Vaults:4 |   42251 |   19443 |  31.5 |      55 |      20 |  26.7
   Vaults:5 |   20776 |  102015 |  83.1 |      28 |      90 |  76.3
    Crypt:1 |    2544 |       0 |   0.0 |       6 |       0 |   0.0
   Depths:1 |   33253 |   23749 |  41.7 |      35 |      28 |  44.4
   Depths:2 |   32044 |   34907 |  52.1 |      41 |      29 |  41.4
   Depths:3 |   21458 |   23398 |  52.2 |      26 |      20 |  43.5
   Depths:4 |   31523 |   19820 |  38.6 |      34 |      17 |  33.3
    Abyss:2 |   11577 |       0 |   0.0 |      28 |       0 |   0.0
    Abyss:3 |   18991 |       0 |   0.0 |      45 |       0 |   0.0
      IceCv |       0 |    4454 | 100.0 |       0 |      49 | 100.0
 Desolation |       0 |   46169 | 100.0 |       0 |      93 | 100.0
            +---------+---------+-------+---------+---------+-------
